[Event "Monday Night Swiss 13Rd 5m+1s Starts at 2240hrs"]
[Site "Infinity Chess"]
[Date "2018.1.30"]
[Round "9"]
[White "Dovahkiin"]
[Black "Victorious"]
[Result "1/2-1/2"]
[ECO "C77"]
[WhiteElo "2428"]
[BlackElo "2562"]
[WhiteEngine "BrainFish_180128_x64_modern_CTG"]
[BlackEngine "BugChess2.41_Release"]
[EventType "Swiss"]
[WhiteTeam ""]
[BlackTeam ""]
[PlyCount "201"]
[TimeControl "300+1"]

1. e4 e5 2. Nf3 Nc6 3. Bb5 a6 4. Ba4 Nf6 5. d3 Bc5 6. O-O d6 7. c3 O-O 8. Bg5 h6 
9. Bh4 g5 10. Bg3 g4 11. Nh4 Nh5 12. Bxc6 bxc6 13. Nd2 Qg5 14. Nc4 Ba7 
15. Qa4 Bd7 16. Qa5 Rfc8 17. Rad1 c5 18. f3 Rab8 19. fxg4 Bb6 20. Qa3 Bxg4 
21. Rde1 Nxg3 22. hxg3 Be6 23. Rf3 Kh8 24. Nf5 Bxf5 25. Rxf5 Qxg3 26. Re3 Qg4 
27. Qa4 Rg8 28. Qc2 Rg7 29. Kf1 Rbg8 30. Rh3 Qxg2+ 31. Qxg2 Rxg2 32. Rxh6+ Kg7 
33. Rxd6 cxd6 34. Kxg2 Bc7 35. Rh5 Kg6 36. Rh3 Kf6+ 37. Kf3 a5 38. Ne3 Ke6 
39. a4 Rg1 40. Ke2 Bd8 41. Rh6+ Kd7 42. Nc4 Rg2+ 43. Kf3 Rg6 44. Rh5 Bc7 
45. Rh7 Ke6 46. Rh8 Rg1 47. Re8+ Kd7 48. Rf8 Rg7 49. Ne3 Rh7 50. Nf5 Bb6 
51. Kg2 Kc6 52. Ne3 Rg7+ 53. Kf3 Kd7 54. Ra8 Bc7 55. Ra7 Kc8 56. Ra8+ Kd7 
57. Ra7 Kc8 58. Nd5 Bd8 59. Ra6 Kd7 60. Ne3 Rh7 61. Nc4 Bc7 62. Na3 Bd8 
63. Nb5 Rh6 64. Ke2 Rh2+ 65. Kd1 Bg5 66. Rxd6+ Ke7 67. Rd5 Bf4 68. b3 Kf6 
69. Nd6 Kg6 70. Nc4 Kg5 71. b4 cxb4 72. cxb4 axb4 73. Rb5 f5 74. exf5 Kxf5 
75. Rxb4 Ke6 76. Rb5 Rf2 77. a5 Ra2 78. Nb2 Kd7 79. Kc2 Kc6 80. Rb6+ Kc5 
81. Re6 Rxa5 82. Nc4 Rb5 83. Nxe5 Kd5 84. Re7 Bxe5 85. Rd7+ Ke6 86. Rd8 Rb2+ 
87. Kc1 Rg2 88. Kd1 Bf4 89. Re8+ Kd5 90. Re4 Rd2+ 91. Ke1 Bg5 92. Re7 Rh2 
93. Re4 Bh6 94. Re2 Rh1+ 95. Kf2 Kd4 96. Re6 Kxd3 97. Kg2 Rh5 98. Kf3 Bg7 
99. Kf4 Kc4 100. Re8 Kd5 101. Rd8+ 1/2-1/2

[Event "Monday Night Swiss 13Rd 5m+1s Starts at 2240hrs"]
[Site "Infinity Chess"]
[Date "2018.1.30"]
[Round "9"]
[White "BraveDevil"]
[Black "HULK"]
[Result "1/2-1/2"]
[ECO "C24"]
[WhiteElo "2455"]
[BlackElo "2501"]
[WhiteEngine "Cryptic AIL V2"]
[BlackEngine "BrainFish_180124_x64_bmi2_CTG"]
[EventType "Swiss"]
[WhiteTeam ""]
[BlackTeam ""]
[PlyCount "148"]
[TimeControl "300+1"]

1. e4 e5 2. Bc4 Nf6 3. d3 Nc6 4. Nf3 Bc5 5. c3 a5 6. O-O d6 7. Re1 O-O 
8. Nbd2 Be6 9. Bb5 Ne7 10. h3 c6 11. Ba4 Bb6 12. Bc2 Ng6 13. Nf1 d5 
14. exd5 Nxd5 15. d4 exd4 16. Nxd4 Qf6 17. Ng3 Bxd4 18. Qxd4 Qxd4 19. cxd4 a4 
20. a3 Nge7 21. Bd2 Rfd8 22. Rad1 Nc7 23. Bg5 f6 24. Be3 Bc4 25. Ne4 b6 
26. f3 Kf7 27. Bf2 h6 28. Bg3 Nb5 29. Bf2 h5 30. Kh2 Nd5 31. Rc1 Nf4 32. Bb1 Bd5 
33. Bg3 Ne6 34. Nc3 Nxc3 35. bxc3 Bc4 36. Re3 b5 37. Rce1 Rac8 38. Bf5 Re8 
39. h4 g6 40. Bb1 Red8 41. Bf2 Rd7 42. g4 Nf4 43. Be4 Nd5 44. Bxd5+ Bxd5 
45. Bg3 g5 46. Kh3 gxh4 47. Bxh4 c5 48. gxh5 cxd4 49. cxd4 Rh8 50. Kg4 Bb3 
51. Bf2 Rg8+ 52. Kh4 Rxd4+ 53. Kh3 Rd7 54. Kh4 Rd4+ 55. Kh3 Rd7 56. Kh4 b4 
57. axb4 Rb8 58. Kg3 Rb5 59. h6 Kg6 60. Rc3 Rxb4 61. Be3 Kh7 62. Bc1 Ra7 
63. Ba3 Rb5 64. Rc6 Rg5+ 65. Kf4 Kg6 66. Re7 Rxe7 67. Bxe7 Rf5+ 68. Kg4 Bd5 
69. h7 Bxf3+ 70. Kg3 Kxh7 71. Rxf6 Rxf6 72. Bxf6 Kg6 73. Ba1 Bh5 74. Bb2 Kg5 
1/2-1/2

[Event "Monday Night Swiss 13Rd 5m+1s Starts at 2240hrs"]
[Site "Infinity Chess"]
[Date "2018.1.30"]
[Round "9"]
[White "Eman"]
[Black "star99"]
[Result "1/2-1/2"]
[ECO "C65"]
[WhiteElo "2502"]
[BlackElo "2443"]
[WhiteEngine "Eman 1.68c 64-bit POPCNT"]
[BlackEngine "Cryptic AIL V2"]
[EventType "Swiss"]
[WhiteTeam ""]
[BlackTeam ""]
[PlyCount "228"]
[TimeControl "300+1"]

1. e4 e5 2. Nf3 Nc6 3. Bb5 Nf6 4. O-O Nxe4 5. d4 Nd6 6. Bxc6 dxc6 7. dxe5 Nf5 
8. Qxd8+ Kxd8 9. Rd1+ Ke8 10. Nc3 Be7 11. b3 Be6 12. Kf1 Rd8 13. Bb2 h5 
14. Ne4 Bd5 15. Re1 Rh6 16. Rad1 b5 17. Rd3 c5 18. Nd6+ Nxd6 19. Rxd5 Nb7 
20. Rxd8+ Nxd8 21. Nd2 g5 22. g3 g4 23. Ra1 a6 24. a4 Kd7 25. axb5 axb5 
26. f4 gxf3 27. Nxf3 Rg6 28. Ra5 b4 29. Kf2 Ne6 30. Bc1 Nd4 31. Ra2 Rc6 
32. Be3 Nxf3 33. Kxf3 c4 34. Bd2 Ke6 35. Ke4 Rc5 36. Ra6+ c6 37. bxc4 Rxc4+ 
38. Kd3 Kd5 39. Ra7 Rd4+ 40. Ke2 Re4+ 41. Kd3 Rxe5 42. Ra5+ Ke6 43. Rxe5+ Kxe5 
44. Kc4 Ke4 45. Bxb4 Bxb4 46. Kxb4 Kf3 47. Kc5 Kg2 48. Kxc6 Kxh2 49. c4 Kxg3 
50. c5 f5 51. Kd7 f4 52. c6 f3 53. c7 f2 54. c8=Q f1=Q 55. Qg8+ Kh4 56. Qd5 Qf6 
57. Qg2 Qd4+ 58. Kc6 Qg4 59. Qf1 Kg5 60. Qc1+ Qf4 61. Qc5+ Kg6 62. Kb7 Qf3+ 
63. Ka7 Qf5 64. Qd6+ Qf6 65. Qd1 Qf2+ 66. Ka6 Qf6+ 67. Ka7 h4 68. Qd3+ Kh5 
69. Qe2+ Kh6 70. Qe3+ Kg7 71. Kb8 Qd8+ 72. Kb7 Qd5+ 73. Ka7 Qd7+ 74. Kb6 Qg4 
75. Ka5 Kf7 76. Qb3+ Qe6 77. Qc2 h3 78. Qf2+ Qf6 79. Qh2 Qc3+ 80. Ka6 Qd3+ 
81. Ka7 Ke6 82. Qa2+ Kf6 83. Qb2+ Kf5 84. Qf2+ Kg4 85. Qg1+ Kf3 86. Qh1+ Kg3 
87. Qg1+ Kf3 88. Qh1+ Kg4 89. Qg1+ Kf5 90. Qf2+ Kg5 91. Qg1+ Kf4 92. Qf2+ Kg5 
93. Qg1+ Kf4 94. Qf2+ Ke5 95. Qe1+ Kd5 96. Qh1+ Kd4 97. Qh2 Ke4 98. Qc7 Kf3 
99. Qb7+ Ke2 100. Qb2+ Kf3 101. Qf6+ Ke2 102. Qb2+ Qd2 103. Qb5+ Kf2 
104. Qf5+ Kg3 105. Qg6+ Kf3 106. Qf5+ Kg2 107. Qe4+ Kh2 108. Qf3 Qg2 
109. Qf4+ Kh1 110. Ka6 Qa2+ 111. Kb7 Qb2+ 112. Ka6 Qa3+ 113. Kb6 Qb3+ 
114. Ka7 Kg2 1/2-1/2

[Event "Monday Night Swiss 13Rd 5m+1s Starts at 2240hrs"]
[Site "Infinity Chess"]
[Date "2018.1.30"]
[Round "9"]
[White "MGR"]
[Black "SkyPilot"]
[Result "1/2-1/2"]
[ECO "B90"]
[WhiteElo "2528"]
[BlackElo "2458"]
[WhiteEngine "asmFishW_2017-08-25_bmi2"]
[BlackEngine "stockfish_x64_bmi2_2018_01_23_CTG"]
[EventType "Swiss"]
[WhiteTeam ""]
[BlackTeam ""]
[PlyCount "146"]
[TimeControl "300+1"]

1. e4 c5 2. Nf3 d6 3. d4 cxd4 4. Nxd4 Nf6 5. Nc3 a6 6. Be3 e5 7. Nb3 Be6 
8. Be2 Be7 9. Qd3 Nbd7 10. Nd5 O-O 11. O-O Bxd5 12. exd5 b6 13. c3 g6 14. a4 Qc7 
15. Rfd1 Rfe8 16. Qc2 Qb7 17. Bf3 Rec8 18. g3 Ne8 19. Bg2 Ng7 20. Ra3 Rab8 
21. Qe2 f5 22. Na1 a5 23. Nc2 Bf8 24. Raa1 Nh5 25. Na3 Nhf6 26. Nb5 e4 
27. f3 exf3 28. Qxf3 Nc5 29. Bd4 Ng4 30. Qf4 Qd7 31. h3 Nh6 32. b4 Nb3 
33. Ra3 Nxd4 34. Nxd4 Nf7 35. Nc6 Ra8 36. bxa5 bxa5 37. Rb3 Bh6 38. Qf1 Be3+ 
39. Kh1 f4 40. Rdb1 Nh6 41. Be4 Kh8 42. gxf4 Qg7 43. c4 Bc5 44. Qg2 Rg8 
45. Bc2 Rae8 46. Nxa5 Qf6 47. Nb7 Be3 48. Qf3 Bxf4 49. c5 Qh4 50. Nxd6 Re1+ 
51. Rxe1 Qxe1+ 52. Kg2 Qd2+ 53. Qf2 Qxd5+ 54. Ne4 g5 55. Qf1 Nf5 56. Qd3 Qe6 
57. Nd6 Bxd6 58. Qxf5 Qe2+ 59. Qf2 Qxf2+ 60. Kxf2 Bxc5+ 61. Kg3 h5 62. Bd1 Bd6+ 
63. Kf2 Bc5+ 64. Kg3 Bd6+ 65. Kf2 Bc5+ 66. Ke1 g4 67. hxg4 hxg4 68. Kf1 g3 
69. Kg2 Rd8 70. Rxg3 Rxd1 71. Rc3 Bf8 72. Rf3 Kg7 73. Rf1 Rd5 1/2-1/2

[Event "Monday Night Swiss 13Rd 5m+1s Starts at 2240hrs"]
[Site "Infinity Chess"]
[Date "2018.1.30"]
[Round "9"]
[White "Coco69"]
[Black "MCDermont"]
[Result "1/2-1/2"]
[ECO "C11"]
[WhiteElo "2506"]
[BlackElo "2546"]
[WhiteEngine "Raubfisch X37b4_CTG"]
[BlackEngine "BrainFish 060118_CTG"]
[EventType "Swiss"]
[WhiteTeam ""]
[BlackTeam ""]
[PlyCount "62"]
[TimeControl "300+1"]

1. e4 e6 2. d4 d5 3. Nc3 Nf6 4. e5 Nfd7 5. f4 c5 6. Nf3 Nc6 7. Be3 cxd4 
8. Nxd4 Qb6 9. Qd2 Qxb2 10. Rb1 Qa3 11. Bb5 Nxd4 12. Bxd4 a6 13. Bxd7+ Bxd7 
14. Rb3 Qe7 15. Rxb7 Rc8 16. O-O Qd8 17. f5 exf5 18. Qd3 Bc5 19. Bxc5 Rxc5 
20. Nxd5 Bc8 21. Re7+ Kf8 22. Qa3 Qa5 23. Qxa5 Rxa5 24. Rc7 Be6 25. Nf4 Rxe5 
26. Nxe6+ Rxe6 27. Rxf5 Re7 28. Rc8+ Re8 29. Rc7 Re7 30. Rc8+ Re8 31. Rc7 Re7 
1/2-1/2

[Event "Monday Night Swiss 13Rd 5m+1s Starts at 2240hrs"]
[Site "Infinity Chess"]
[Date "2018.1.30"]
[Round "9"]
[White "ocirema"]
[Black "KULLANI"]
[Result "1/2-1/2"]
[ECO "C50"]
[WhiteElo "2493"]
[BlackElo "2502"]
[WhiteEngine "stockfish_18012814_x64_modern_CTG"]
[BlackEngine "BrainFish_180124_x64_CTG"]
[EventType "Swiss"]
[WhiteTeam ""]
[BlackTeam ""]
[PlyCount "134"]
[TimeControl "300+1"]

1. e4 e5 2. Nf3 Nc6 3. Bc4 Bc5 4. O-O Nf6 5. d3 d6 6. c3 a5 7. Bb3 O-O 8. Bg5 h6 
9. Bh4 g5 10. Bg3 g4 11. Nh4 Nh5 12. Kh1 Qg5 13. a4 Bd7 14. Na3 Bxa3 
15. Rxa3 Rae8 16. Bc4 Ne7 17. b4 Ra8 18. Ra1 axb4 19. cxb4 Nc6 20. Bb5 Be6 
21. Bxc6 bxc6 22. Qe1 Rfb8 23. f3 Rb7 24. a5 Nxg3+ 25. hxg3 gxf3 26. Nxf3 Qh5+ 
27. Nh4 Rb5 28. Kg1 Qg5 29. Nf5 c5 30. bxc5 Rxc5 31. a6 Rb5 32. Ra5 Rb2 
33. a7 Bxf5 34. exf5 Qg4 35. Kh2 Qh5+ 36. Kg1 Qg4 37. Qe3 Rb7 38. Qf2 Kg7 
39. f6+ Kh7 40. Rfa1 c5 41. R5a4 Rb4 42. Ra6 Rb7 43. R6a4 Rb4 44. Rxb4 cxb4 
45. Kh2 Kg6 46. Qb6 h5 47. Qxd6 h4 48. gxh4 Qxh4+ 49. Kg1 Qg3 50. Qxb4 Qe3+ 
51. Kf1 Rxa7 52. Rxa7 Qxa7 53. Qe4+ Kxf6 54. Ke2 Qa1 55. Qh4+ Ke6 56. Qc4+ Kf6 
57. Qb4 Qa2+ 58. Kf3 Ke6 59. Qb7 Kf6 60. Kg3 Kg7 61. Qe7 Qd5 62. Qg5+ Kf8 
63. Qf5 Qd4 64. Qf3 Ke7 65. Qb7+ Kd6 66. Qxf7 Qxd3+ 67. Kg4 Qd4+ 1/2-1/2

[Event "Monday Night Swiss 13Rd 5m+1s Starts at 2240hrs"]
[Site "Infinity Chess"]
[Date "2018.1.30"]
[Round "9"]
[White "RonWeasley"]
[Black "MarioDeMonti"]
[Result "1/2-1/2"]
[ECO "C55"]
[WhiteElo "2527"]
[BlackElo "2528"]
[WhiteEngine "BrainFish 060118_CTG"]
[BlackEngine "stockfish_x64_bmi2_2018_01_23_CTG"]
[EventType "Swiss"]
[WhiteTeam ""]
[BlackTeam ""]
[PlyCount "116"]
[TimeControl "300+1"]

1. e4 e5 2. Nf3 Nc6 3. Bc4 Nf6 4. d3 Bc5 5. c3 d6 6. Bb3 a6 7. Nbd2 O-O 
8. O-O Ba7 9. Re1 Ng4 10. Re2 h6 11. Nf1 Na5 12. Bc2 Nf6 13. Ng3 c5 14. h3 Nc6 
15. Re1 Be6 16. Nh4 Kh8 17. Qf3 b5 18. Bb3 Kh7 19. Ngf5 c4 20. dxc4 bxc4 
21. Bc2 Ne7 22. Nxe7 Qxe7 23. Nf5 Bxf5 24. Qxf5+ Kg8 25. Qf3 Rfc8 26. b3 a5 
27. Bd2 Qe6 28. Qe2 Rab8 29. Reb1 Bb6 30. Rd1 cxb3 31. axb3 Nd7 32. Qf3 Nc5 
33. b4 axb4 34. cxb4 Nd7 35. Rac1 Qf6 36. Bb3 Qxf3 37. gxf3 Kf8 38. Rxc8+ Rxc8 
39. Rc1 Ra8 40. Kg2 Ke7 41. Rc6 Ra1 42. Bd5 Rb1 43. Rc2 Rd1 44. h4 Rb1 
45. Ba2 Ra1 46. b5 h5 47. Be3 Bc5 48. Rb2 Ba3 49. Rd2 Bb4 50. Rb2 Ba3 
51. Rc2 Bc5 52. f4 exf4 53. Bxf4 Re1 54. f3 Rg1+ 55. Kh3 Rf1 56. Kg2 Rg1+ 
57. Kh3 Rh1+ 58. Kg2 Rg1+ 1/2-1/2

[Event "Monday Night Swiss 13Rd 5m+1s Starts at 2240hrs"]
[Site "Infinity Chess"]
[Date "2018.1.30"]
[Round "8"]
[White "RonWeasley"]
[Black "mike"]
[Result "1-0 "]
[ECO "C11"]
[WhiteElo "2513"]
[BlackElo "2453"]
[WhiteEngine "BrainFish 060118_CTG"]
[BlackEngine "komodo-11.2.2-64bit"]
[EventType "Swiss"]
[WhiteTeam ""]
[BlackTeam ""]
[PlyCount "268"]
[TimeControl "300+1"]

1. e4 e6 2. d4 d5 3. Nc3 Nf6 4. e5 Nfd7 5. f4 c5 6. Nf3 Be7 7. Be3 Nc6 
8. Qd2 O-O 9. dxc5 Nxc5 10. O-O-O b6 11. Kb1 Bb7 12. Qe1 Qc7 13. Nb5 Qb8 
14. h4 Rc8 15. h5 Ne4 16. g4 d4 17. Bc1 a6 18. Nbxd4 Nxd4 19. Rxd4 Nc3+ 
20. bxc3 Bxf3 21. Rh2 Qc7 22. f5 Bd5 23. Rh3 Rd8 24. Qe3 Rac8 25. f6 gxf6 
26. Bd3 fxe5 27. Qh6 e4 28. Rxe4 f6 29. Rf4 Bf8 30. Qxf6 Bg7 31. Qg5 Kh8 
32. c4 Qc5 33. Be2 h6 34. Qg6 e5 35. Rf6 Be4 36. Qxe4 Bxf6 37. Qg6 Bg7 
38. Bxh6 Rg8 39. Bxg7+ Rxg7 40. Qh6+ Kg8 41. Qe6+ Rf7 42. h6 Qg1+ 43. Kb2 Qd4+ 
44. Kb3 Qd7 45. Qxe5 Re8 46. Qg5+ Kh8 47. Bd3 b5 48. cxb5 axb5 49. Re3 Rxe3 
50. Qxe3 Qd5+ 51. Kb2 Qd6 52. Bxb5 Qb4+ 53. Qb3 Qf4 54. Qc3+ Rf6 55. a4 Kh7 
56. a5 Kxh6 57. a6 Rb6 58. Ka3 Qd6+ 59. Ka4 Rxa6+ 60. Bxa6 Qxa6+ 61. Kb3 Qb7+ 
62. Qb4 Qf3+ 63. c3 Kg5 64. Qd4 Kh4 65. Ka3 Qa8+ 66. Kb2 Qg2+ 67. Kc1 Qf1+ 
68. Kd2 Qa1 69. Ke3 Qc1+ 70. Kf3 Qh1+ 71. Kf4 Qf1+ 72. Ke5 Qf7 73. c4 Qg7+ 
74. Ke4 Qb7+ 75. Kf5 Qc8+ 76. Ke5 Qe8+ 77. Kf5 Qc8+ 78. Ke5 Qh8+ 79. Kd5 Qa8+ 
80. Ke6 Qe8+ 81. Kd6 Qg6+ 82. Ke7 Qh7+ 83. Kd6 Qg6+ 84. Kc5 Qb1 85. Kd5 Qh7 
86. c5 Qd7+ 87. Ke4 Qe8+ 88. Kf3 Qf8+ 89. Kg2 Qa8+ 90. Kf2 Qa2+ 91. Kf3 Qb3+ 
92. Ke2 Qe6+ 93. Kd2 Qa2+ 94. Ke3 Qe6+ 95. Qe4 Qb3+ 96. Qd3 Qe6+ 97. Kd4 Qd7+ 
98. Kc3 Qg7+ 99. Qd4 Qc7 100. Kb4 Qb7+ 101. Kc4 Qf7+ 102. Kc3 Qf3+ 103. Qd3 Qf6+ 
104. Kb4 Qb2+ 105. Ka5 Qa2+ 106. Kb6 Qb2+ 107. Kc7 Kxg4 108. c6 Kf4 109. Qd5 Kg3 
110. Kc8 Kh2 111. Qd6+ Kh3 112. Qe6+ Kh2 113. c7 Qd2 114. Kb7 Qb4+ 115. Qb6 Qe4+ 
116. Ka7 Qa4+ 117. Kb8 Qf4 118. Qb2+ Kh3 119. Qc3+ Kh2 120. Ka7 Qf2+ 
121. Kb7 Qf7 122. Qd2+ Kg1 123. Qe3+ Kh1 124. Qh6+ Kg2 125. Kb8 Qb3+ 
126. Ka7 Qa3+ 127. Qa6 Qc5+ 128. Kb7 Qe7 129. Qg6+ Kf2 130. Qf5+ Kg1 
131. Kc6 Qe8+ 132. Kd6 Qh8 133. c8=Q Qd4+ 134. Ke7 Qb4+ 1-0

[Event "Monday Night Swiss 13Rd 5m+1s Starts at 2240hrs"]
[Site "Infinity Chess"]
[Date "2018.1.30"]
[Round "8"]
[White "star99"]
[Black "Victorious"]
[Result "1/2-1/2"]
[ECO "D31"]
[WhiteElo "2438"]
[BlackElo "2567"]
[WhiteEngine "Cryptic AIL V2"]
[BlackEngine "BugChess2.41_Release"]
[EventType "Swiss"]
[WhiteTeam ""]
[BlackTeam ""]
[PlyCount "132"]
[TimeControl "300+1"]

1. d4 d5 2. c4 e6 3. Nc3 c6 4. e3 Nf6 5. Nf3 Nbd7 6. h3 Bd6 7. Be2 b6 8. O-O O-O 
9. b3 Bb7 10. Bb2 Rc8 11. Bd3 Re8 12. Qe2 Bb8 13. Rac1 Qe7 14. e4 c5 15. e5 dxc4 
16. Bxc4 Nh5 17. Ne4 cxd4 18. Bxd4 Nf4 19. Qe3 Ng6 20. Ned2 Red8 21. Be2 Rxc1 
22. Rxc1 h6 23. Rd1 Qf8 24. Nc4 b5 25. Nd6 Bxf3 26. Bxf3 Ndxe5 27. Bxe5 Nxe5 
28. Nxb5 Nxf3+ 29. Qxf3 Rxd1+ 30. Qxd1 a6 31. Nc3 Be5 32. Ne4 Qb4 33. Nd2 Qc3 
34. Nc4 Bd4 35. Qd2 Qxd2 36. Nxd2 f5 37. Kf1 Kf7 38. Nc4 Kf6 39. b4 e5 
40. Nd6 Bb6 41. Nc4 Bd8 42. f3 Be7 43. a3 Ke6 44. Ke2 e4 45. fxe4 fxe4 
46. g4 Bg5 47. a4 g6 48. b5 axb5 49. axb5 Kd5 50. Nd2 Bd8 51. Nf1 Ke5 
52. Ne3 Kd4 53. Nd1 Kd5 54. Ke3 Bf6 55. Ke2 Bg5 56. Nc3+ Kd4 57. Na4 Kd5 
58. Kf2 Bh4+ 59. Ke2 Bg5 60. Kf2 Kd6 61. Nc3 Kc5 62. Nxe4+ Kxb5 63. Nxg5 hxg5 
64. Kf3 Kc5 65. Kg3 Kd4 66. Kf3 Kd5 1/2-1/2

[Event "Monday Night Swiss 13Rd 5m+1s Starts at 2240hrs"]
[Site "Infinity Chess"]
[Date "2018.1.30"]
[Round "8"]
[White "BraveDevil"]
[Black "Dovahkiin"]
[Result "1/2-1/2"]
[ECO "C65"]
[WhiteElo "2456"]
[BlackElo "2427"]
[WhiteEngine "Cryptic AIL V2"]
[BlackEngine "BrainFish_180128_x64_modern_CTG"]
[EventType "Swiss"]
[WhiteTeam ""]
[BlackTeam ""]
[PlyCount "111"]
[TimeControl "300+1"]

1. e4 e5 2. Nf3 Nc6 3. Bb5 Nf6 4. O-O Nxe4 5. d4 Nd6 6. Bxc6 dxc6 7. dxe5 Nf5 
8. Qxd8+ Kxd8 9. Rd1+ Ke8 10. Nc3 Ne7 11. h3 Ng6 12. b3 Be7 13. Ne4 h5 
14. Re1 Be6 15. Nd4 Rd8 16. Nxe6 fxe6 17. Ng5 Bb4 18. Rf1 Rd5 19. Nxe6 Rxe5 
20. Nxg7+ Kf7 21. Bb2 Rd5 22. f4 Bf8 23. Ne6 Kxe6 24. c4 Rf5 25. Rae1+ Kf7 
26. Bxh8 Nxh8 27. g4 Ra5 28. Re5 Rxa2 29. Rf5+ Kg8 30. Rg5+ Bg7 31. Re1 hxg4 
32. hxg4 Rb2 33. Re7 Nf7 34. Re8+ Kh7 35. Rh5+ Nh6 36. Rc8 Rxb3 37. Kg2 Kg6 
38. f5+ Nxf5 39. Rxf5 Rb2+ 40. Rf2 Rb4 41. Rxc7 Rxc4 42. Rxb7 Rxg4+ 43. Kf3 Bd4 
44. Rc2 Kf5 45. Rxc6 Rf4+ 46. Ke2 Ke4 47. Rd7 Rf2+ 48. Ke1 Rf4 49. Ra6 Bb6 
50. Kd2 Rf5 51. Kc3 Rd5 52. Rh7 Ra5 53. Rxa5 Bxa5+ 54. Kc4 Bb6 55. Re7+ Kf4 
56. Kd5 1/2-1/2

[Event "Monday Night Swiss 13Rd 5m+1s Starts at 2240hrs"]
[Site "Infinity Chess"]
[Date "2018.1.30"]
[Round "8"]
[White "HULK"]
[Black "ocirema"]
[Result "1/2-1/2"]
[ECO "B90"]
[WhiteElo "2501"]
[BlackElo "2493"]
[WhiteEngine "BrainFish_180124_x64_bmi2_CTG"]
[BlackEngine "stockfish_18012814_x64_modern_CTG"]
[EventType "Swiss"]
[WhiteTeam ""]
[BlackTeam ""]
[PlyCount "75"]
[TimeControl "300+1"]

1. e4 c5 2. Nf3 d6 3. d4 cxd4 4. Nxd4 Nf6 5. Nc3 a6 6. Be3 e5 7. Nb3 Be6 
8. f3 Be7 9. Qd2 Nbd7 10. g4 O-O 11. O-O-O b5 12. g5 Nh5 13. Kb1 Nb6 14. Na5 Rc8 
15. a3 g6 16. Rg1 Qc7 17. Nd5 Nxd5 18. exd5 Bd7 19. c4 Nf4 20. Rc1 Qd8 
21. Nc6 Bxc6 22. dxc6 Rxc6 23. h4 Qd7 24. Bxf4 exf4 25. Bd3 b4 26. Be4 d5 
27. axb4 Bxb4 28. Qxd5 Rd6 29. Qb7 Qxb7 30. Bxb7 Rb8 31. Bd5 Bc5 32. Rgd1 Rb4 
33. Rc2 Kg7 34. Re1 Be3 35. Be4 Bc5 36. Bd5 Be3 37. Be4 Bc5 38. Bd5 1/2-1/2

[Event "Monday Night Swiss 13Rd 5m+1s Starts at 2240hrs"]
[Site "Infinity Chess"]
[Date "2018.1.30"]
[Round "8"]
[White "KULLANI"]
[Black "Coco69"]
[Result "1/2-1/2"]
[ECO "C50"]
[WhiteElo "2502"]
[BlackElo "2506"]
[WhiteEngine "BrainFish_180124_x64_CTG"]
[BlackEngine "Raubfisch X37b4_CTG"]
[EventType "Swiss"]
[WhiteTeam ""]
[BlackTeam ""]
[PlyCount "133"]
[TimeControl "300+1"]

1. e4 e5 2. Nf3 Nc6 3. Bc4 Bc5 4. d3 Nf6 5. c3 a5 6. Bg5 h6 7. Bh4 d6 8. a4 Be6 
9. Nbd2 g5 10. Bg3 Nh5 11. Bxe6 fxe6 12. Nb3 Ba7 13. Nfd2 Nxg3 14. hxg3 Qf6 
15. Qh5+ Kd7 16. f3 g4 17. Qxg4 Rag8 18. Qh3 h5 19. Nf1 Kc8 20. O-O-O Bf2 
21. Kb1 Kb8 22. Rd2 h4 23. g4 Bg3 24. Nc1 d5 25. Ne2 Bf2 26. Rc2 Bb6 27. Nd2 Be3 
28. Rd1 Qg7 29. Qh1 Qd7 30. Qe1 Ne7 31. Nc1 Bxd2 32. Rdxd2 h3 33. gxh3 Rxh3 
34. Rf2 Nc6 35. Qd1 Rgh8 36. Rf1 d4 37. Rcf2 b6 38. Ne2 dxc3 39. bxc3 Qd6 
40. Kb2 Kb7 41. Qc2 Ne7 42. Qd2 Rd8 43. Qg5 Rg8 44. Qd2 Rb8 45. Nc1 Ng6 
46. d4 Rd8 47. Nb3 Nf4 48. Rd1 Rg3 49. Qc2 Rf8 50. dxe5 Qxe5 51. Rff1 Qh8 
52. Ka1 Qe5 53. Kb2 Rg2 54. Rd2 Rxd2 55. Qxd2 Rh8 56. Ka2 Kc8 57. Qd4 Rh2+ 
58. Kb1 Qxd4 59. Nxd4 e5 60. Nc6 Ne2 61. c4 Nc3+ 62. Kc1 Ra2 63. Nxe5 Ne2+ 
64. Kb1 Nc3+ 65. Kc1 Ne2+ 66. Kb1 Nc3+ 67. Kc1 1/2-1/2

[Event "Monday Night Swiss 13Rd 5m+1s Starts at 2240hrs"]
[Site "Infinity Chess"]
[Date "2018.1.30"]
[Round "8"]
[White "MarioDeMonti"]
[Black "Eman"]
[Result "1-0"]
[ECO "C55"]
[WhiteElo "2512"]
[BlackElo "2518"]
[WhiteEngine "stockfish_x64_bmi2_2018_01_23_CTG"]
[BlackEngine "Eman 1.68c 64-bit POPCNT"]
[EventType "Swiss"]
[WhiteTeam ""]
[BlackTeam ""]
[PlyCount "175"]
[TimeControl "300+1"]

1. e4 e5 2. Nf3 Nc6 3. Bc4 Nf6 4. d3 Bc5 5. c3 a5 6. O-O d6 7. Re1 O-O 8. h3 h6 
9. Nbd2 Be6 10. a4 Ba7 11. b3 d5 12. exd5 Nxd5 13. Ne4 Re8 14. Bd2 Nf6 
15. Qe2 Qe7 16. Bb5 Bxb3 17. c4 Nxe4 18. Qxe4 Qd6 19. Rab1 Bc2 20. c5 Qxc5 
21. Rb2 Nb4 22. Bxb4 axb4 23. Bxe8 Rxe8 24. Qxb4 Qxb4 25. Rxb4 Bxd3 26. Nxe5 Bf5 
27. Rxb7 Bb6 28. g4 Bd7 29. a5 Bxa5 30. Re3 Bc8 31. Rb8 Bb6 32. Ra3 Rxe5 
33. Rxc8+ Kh7 34. Kg2 Rd5 35. Rf3 Kg6 36. Re8 Bc5 37. Rg8 Bb6 38. h4 f6 
39. h5+ Kf7 40. Rc8 g6 41. Rh8 Kg7 42. Re8 Kf7 43. Re4 Bc5 44. hxg6+ Kxg6 
45. Re6 Bd4 46. Rd3 c5 47. f4 h5 48. Kf3 hxg4+ 49. Kxg4 Kf7 50. Ra6 Kg6 
51. Rc6 Rh5 52. Rg3 Bf2 53. Rg2 Bd4 54. Ra6 Bc3 55. Rd6 Bb4 56. Ra2 c4 
57. Rc6 Rd5 58. Raa6 Be7 59. Rxc4 Rd3 60. f5+ Kh6 61. Re6 Rd7 62. Rc8 Kg7 
63. Ra6 Kf7 64. Kf3 Rb7 65. Rac6 Rb1 66. Rc1 Rb3+ 67. Kg4 Bd6 68. Rh8 Rg3+ 
69. Kh4 Re3 70. Rh7+ Kg8 71. Ra7 Bb4 72. Rc8+ Bf8 73. Raa8 Kg7 74. Rxf8 Re4+ 
75. Kg3 Re3+ 76. Kf2 Re4 77. Rfb8 Rc4 78. Rb7+ Kh6 79. Rh8+ Kg5 80. Rg7+ Kf4 
81. Rh4+ Ke5 82. Rxc4 Kd5 83. Rcc7 Ke4 84. Rc5 Kd4 85. Rgc7 Ke4 86. Ke2 Kf4 
87. Rg7 Ke4 88. Rg4# 1-0

[Event "Monday Night Swiss 13Rd 5m+1s Starts at 2240hrs"]
[Site "Infinity Chess"]
[Date "2018.1.30"]
[Round "7"]
[White "SkyPilot"]
[Black "Dovahkiin"]
[Result "1/2-1/2"]
[ECO "C53"]
[WhiteElo "2459"]
[BlackElo "2426"]
[WhiteEngine "stockfish_x64_bmi2_2018_01_23_CTG"]
[BlackEngine "BrainFish_180128_x64_modern_CTG"]
[EventType "Swiss"]
[WhiteTeam ""]
[BlackTeam ""]
[PlyCount "79"]
[TimeControl "300+1"]

1. e4 e5 2. Nf3 Nc6 3. Bc4 Bc5 4. c3 Nf6 5. d3 d6 6. O-O a5 7. Re1 O-O 8. h3 h6 
9. Nbd2 Be6 10. a4 Bxc4 11. Nxc4 Re8 12. Be3 Bxe3 13. Nxe3 b6 14. Qb3 Ne7 
15. g3 Qc8 16. Kg2 Qb7 17. Qa2 Nd7 18. b4 axb4 19. cxb4 b5 20. a5 c5 
21. Reb1 Reb8 22. Nh4 cxb4 23. a6 Qc7 24. Rxb4 Nc5 25. Nd5 Nxd5 26. Qxd5 Qd7 
27. a7 Rxa7 28. Rxa7 Qxa7 29. Nf5 Qc7 30. d4 Nd3 31. Rxb5 Rxb5 32. Qxb5 Qc2 
33. Qe8+ Kh7 34. Qxf7 Qxf2+ 35. Kh1 Qf3+ 36. Kh2 Qf2+ 37. Kh1 Qf1+ 38. Kh2 Qe2+ 
39. Kg1 Qf2+ 40. Kh1 1/2-1/2

[Event "Monday Night Swiss 13Rd 5m+1s Starts at 2240hrs"]
[Site "Infinity Chess"]
[Date "2018.1.30"]
[Round "7"]
[White "ocirema"]
[Black "koalachess"]
[Result "1-0"]
[ECO "C11"]
[WhiteElo "2484"]
[BlackElo "2311"]
[WhiteEngine "stockfish_18012814_x64_modern_CTG"]
[BlackEngine "asmFishW_2017-11-19_popcnt_CTG"]
[EventType "Swiss"]
[WhiteTeam ""]
[BlackTeam ""]
[PlyCount "145"]
[TimeControl "300+1"]

1. e4 e6 2. d4 d5 3. Nc3 Nf6 4. e5 Nfd7 5. f4 c5 6. Nf3 Nc6 7. Be3 Qb6 
8. Na4 Qa5+ 9. c3 c4 10. b4 Qc7 11. a3 b5 12. Nc5 a5 13. Be2 Be7 14. O-O h6 
15. Qe1 O-O 16. Qg3 Kh8 17. Qh3 Kg8 18. Qg3 Kh8 19. Rfb1 Ra7 20. Qe1 Kg8 
21. Bd2 Re8 22. g4 Ra8 23. Bd1 axb4 24. axb4 Rxa1 25. Rxa1 Nxc5 26. bxc5 Qb7 
27. Bc2 Bd7 28. g5 hxg5 29. fxg5 Ra8 30. h4 Bd8 31. h5 Be8 32. g6 Rxa1 
33. Qxa1 Ne7 34. Bg5 Nc6 35. Bd2 Ne7 36. gxf7+ Bxf7 37. Qf1 Nf5 38. Qh3 Nh6 
39. Kf2 Qd7 40. Bg5 Qe8 41. Qh4 Bxg5 42. Nxg5 Qa8 43. Bh7+ Kf8 44. Bg6 b4 
45. Bxf7 Qa2+ 46. Kf3 Qc2 47. Bxe6 bxc3 48. c6 Nf5 49. Qe1 Qd3+ 50. Kf4 Qd2+ 
51. Qxd2 cxd2 52. c7 Ne7 53. Bg4 Nc8 54. Ke3 c3 55. Kd3 Na7 56. Kc2 Ke7 
57. c8=Q Nxc8 58. Bxc8 Kf8 59. Be6 Ke7 60. Bxd5 Ke8 61. Ne4 Ke7 62. Nd6 Kf8 
63. Nf5 d1=Q+ 64. Kxd1 c2+ 65. Kxc2 Ke8 66. Nxg7+ Kd7 67. h6 Kd8 68. h7 Kc7 
69. h8=Q Kb6 70. Qb8+ Ka5 71. e6 Ka4 72. Bc6+ Ka3 73. Qb2# 1-0